 Dungeon Crawl Stone Soup version 0.31-a0-43-g46d131a48f (webtiles) character file.

Game seed: 17077496675378109442

61 porpoise the Digger (level 4, -1/24 HPs)
             Began as a Gargoyle Earth Elementalist on May 20, 2023.
             Slain by a gnoll
             ... wielding a +0 whip
              (2 damage)
             ... on level 2 of the Dungeon.
             The game lasted 00:07:15 (1907 turns).

porpoise the Digger (Gargoyle Earth Elementalist)   Turns: 1907, Time: 00:07:16

Health: -1/24      AC:  7    Str: 11    XL:     4   Next: 7%
Magic:  5/8        EV: 11    Int: 18    God:
Gold:   62         SH:  0    Dex: 10    Spells: 5/9 levels left

rFire   + . .        a - +0 war axe (freeze)
rCold   . . .        (no shield)
rNeg    + . .        j - +0 robe
rPois   ∞            h - +0 helmet
rElec   +            (no cloak)
rCorr   .            g - +0 pair of gloves
SInv    .            (no boots)
Will    .....        (no amulet)
Stlth   ++           r - ring of protection from fire
HPRegen 0.24/turn    (no ring)
MPRegen 0.11/turn

%: no passive effects
@: no status effects
A: sickness immunity, AC +3, negative energy resistance 1, electricity
resistance, torment resistance 1, petrification resistance
a: no special abilities


You were on level 2 of the Dungeon.
You visited 1 branch of the dungeon, and saw 3 of its levels.

You collected 62 gold pieces.

Inventory:

Hand Weapons
 a - a +0 war axe of freezing (weapon)
 b - a +0 sling
Missiles
 f - 5 poisoned darts
Armour
 g - a +0 pair of gloves (worn)
 h - a +0 helmet (worn)
 j - a +0 robe (worn)
Magical Staves
 i - a staff of cold
Jewellery
 r - a ring of protection from fire (left hand)
Wands
 m - a wand of paralysis (22)
Scrolls
 l - a scroll of fear {unknown}
 n - a scroll of magic mapping {unknown}
 o - a scroll of teleportation
 p - a scroll of noise {unknown}
Potions
 c - 2 potions of mutation
 d - a potion of magic
 e - a potion of resistance {unknown}
 k - 2 potions of curing
 q - a potion of lignification {unknown}


   Skills:
 - Level 1.5 Dodging
 - Level 2.1 Stealth
 + Level 3.0 Spellcasting
 * Level 0.8 Conjurations
 - Level 0.7 Transmutations
 + Level 4.7 Earth Magic


You had 5 spell levels left.
You knew the following spells:

 Your Spells              Type           Power      Damage    Failure   Level
a - Sandblast             Erth           38%        2d10      2%          1
b - Stone Arrow           Conj/Erth      24%        3d8       16%         3

Your spell library contained the following spells:

 Spells                   Type           Power      Damage    Failure   Level
 Passwall                 Tmut/Erth      10%        N/A       8%          2
 Petrify                  Tmut/Erth      12%        N/A       45%         4
 Dispel Undead            Necr           2%         3d7       85%         4
 Death Channel            Necr           1%         N/A       100%        6
 Cigotuvi's Dreadful Rot  Necr/Pois/Air  Unusable   N/A       N/A         2

Dungeon Overview and Level Annotations

Branches:
Dungeon (3/15)

Altars:

Annotations:
D:3 Robin


Innate Abilities, Weirdness & Mutations

You are immune to sickness and miasma.
Your stone body is resilient. (AC +3)
You are immune to poison.
You resist negative energy. (rN+)
You are resistant to electric shocks. (rElec)
You are resistant to unholy torment.
You are immune to petrification.


Message History

There is a stone staircase leading up here.
The gnoll closely misses you. The goblin barely misses you.
The goblin misses you. The gnoll barely misses you.
Robin throws the goblin at you!
You climb upwards.
There is a stone staircase leading down here.
You are too injured to fight recklessly!
Unknown command.
You are too injured to fight recklessly!
Casting: Sandblast (safe; 2% risk of failure)
Confirm with . or Enter, or press ? or * to list all spells.
Aiming: Sandblast (safe; 2% risk of failure)
Press: ? - help, Shift-Dir - straight line, f - gnoll
Aim: a gnoll, wielding a +0 whip and wearing a +0 leather armour (84% to hit)
The blast of sand hits the gnoll but does no damage.
The goblin closely misses you. The gnoll closely misses you. x2
The goblin hits you with a +0 dagger. The goblin barely misses you.
Unknown command.
Casting: Sandblast (safe; 2% risk of failure)
Confirm with . or Enter, or press ? or * to list all spells.
Aiming: Sandblast (safe; 2% risk of failure)
Press: ? - help, Shift-Dir - straight line, f/p - gnoll
Aim: a gnoll, wielding a +0 whip and wearing a +0 leather armour (84% to hit)
The blast of sand hits the gnoll!
The gnoll is severely wounded.
The gnoll hits you but does no damage. The gnoll hits you with a +0 whip.
The goblin misses you. The goblin hits you with a +0 club.
The gnoll completely misses you. The goblin hits you but does no damage.
The gnoll hits you with a +0 whip!
* * * LOW HITPOINT WARNING * * *
Casting: Sandblast (safe; 2% risk of failure)
Confirm with . or Enter, or press ? or * to list all spells.
Aiming: Sandblast (safe; 2% risk of failure)
Press: ? - help, Shift-Dir - straight line, f/p - gnoll
Aim: a gnoll, wielding a +0 whip and wearing a +0 leather armour (severely wounded, 84% to hit)
The blast of sand hits the gnoll!
You kill the gnoll!
The goblin barely misses you. The goblin hits you but does no damage.
The gnoll hits you with a +0 whip.
You die...

#.# ######.#
#....#.# #####
#....#.# #...#
#....#.# #...#
#....#.# #...#
#....#.# ##...#
##g...#.# #.....
#@gg..#.## #.....
#)g##....# #.....
#..####..####.....
#..# #..^.##.##..
#..####.##.##.##..
##.................
#........###.#.##..
#..<.....# #.......
####........#
#####...


You could see a gnoll and 3 goblins.

Vanquished Creatures
  2 gnolls (D:2)
  A worm (D:2)
  3 bats
  3 endoplasms (D:2)
  A giant cockroach (D:1)
  6 goblins
  6 hobgoblins
  2 jackals (D:2)
  5 quokkas
  5 ball pythons
  4 frilled lizards
  3 kobolds
  3 rats (D:1)
44 creatures vanquished.

Notes
Turn   | Place    | Note
-------+----------+-------------------------------------------
     0 | D:1      | porpoise the Gargoyle Earth Elementalist began the quest
                  | for the Orb.
     0 | D:1      | Reached XP level 1. HP: 10/10 MP: 3/3
   192 | D:1      | Reached XP level 2. HP: 15/15 MP: 3/5
   232 | D:1      | Reached skill level 4 in Earth Magic
   911 | D:2      | Reached XP level 3. HP: 11/19 MP: 2/6
  1585 | D:2      | Learned a level 3 spell: Stone Arrow
  1782 | D:3      | Noticed Robin
  1842 | D:2      | Reached XP level 4. HP: 15/24 MP: 5/8
  1906 | D:2      | HP: 1/24 [gnoll/+0 whip (8)]
  1907 | D:2      | Slain by a gnoll

Illustrated notes

Levels and vault maps discovered:
D:1:      psy_arrival_fountain, layout_basic
D:2:      layout_basic
D:3:      layout_rooms, nzn_wu_jian_council_hall,
          shapermc_ecumenical_altar_mp_vishouse, uniq_robin

Skill      XL: |  1  2  3 |
---------------+----------+-----
Earth Magic    | 4 |  4.7
Spellcasting   | 3 |  3.0
Dodging        | |  1.5
Stealth        | |  2.1
Conjurations   | |  0.8
Transmutations | |  0.7

Action                     |  1- 3 |  4- 6 || total
---------------------------+-------+-------++-------
  Melee: Short sword       |     8 |       ||     8
         War axe           |     4 |       ||     4
   Cast: Sandblast         |    51 |     6 ||    57
    Use: Scroll            |     3 |       ||     3
   Stab: Sleeping          |     2 |       ||     2
 Armour: Robe              |    13 |     7 ||    20
  Dodge: Dodged            |    17 |    16 ||    33

Table legend: (Time is in decaauts)
 A = Elapsed time spent in this place.
 B = Non-inter-level travel time spent in this place.
 C = Inter-level travel time spent in this place.
 D = Time resting spent in this place.
 E = Time spent auto-exploring this place.
 F = Levels seen in this place.
 G = Mean time per level.
                   A        B        C        D        E       F      G
               +--------+--------+--------+--------+--------+-----+--------+
         Total |   1936 |   1839 |     97 |    404 |   1120 |   3 |  645.3 |
       Dungeon |   1936 |   1839 |     97 |    404 |   1120 |   3 |  645.3 |
               +--------+--------+--------+--------+--------+-----+--------+

Top non-repeatable levels by time:
     D:2: 983 daAuts
     D:1: 899 daAuts
     D:3: 54 daAuts
